TOP OF THE 1ST |
Penquannock Overrated Jeter batting - Pitching for Newark Bulldogs : RHP Juan González
|
Pitching: RHP Juan González
|
|
Batting: RHB Aaron Holt
|
0-0: Called Strike 0-1: SINGLE (Flyball, 8LS)
|
Batting: RHB Phil Wright
|
0-0: Called Strike 0-1: Ball 1-1: Ball 2-1: Called Strike 2-2: Ball 3-2: Foul Ball, location: 2F 3-2: Foul Ball, location: 2F 3-2: SINGLE (Flyball, 8RS) Aaron Holt to second Aaron Holt to third
|
Batting: RHB Armando Pagán
|
0-0: Called Strike 0-1: Ball 1-1: SINGLE (Groundball, 34D) Aaron Holt scores Phil Wright to second Runner from 2nd tries for 3rd, SAFE, throw made to third Armando Pagán to second
|
Batting: LHB Pete Weber
|
0-0: Ball 1-0: Foul Ball, location: 2F 1-1: Foul Ball, location: 2F 1-2: Strikes out swinging
|
Batting: LHB Tony Green
|
0-0: Foul Ball, location: 2F 0-1: Ball 1-1: Swinging Strike 1-2: Strikes out swinging
|
Batting: RHB Manny Perea
|
0-0: Ground out 5-3 (Groundball, 25)
|
Top of the 1st over - 1 run(s), 3 hit(s), 0 error(s), 2 left on base; Penquannock 1 - Newark 0 |
BOTTOM OF THE 1ST |
Newark Bulldogs batting - Pitching for Penquannock Overrated Jeter : RHP Dave Funk
|
Pitching: RHP Dave Funk
|
|
Batting: LHB Gerardo Guzmán
|
0-0: Ball 1-0: Ball 2-0: Ball 3-0: Foul Ball, location: 2F 3-1: Foul Ball, location: 2F 3-2: Base on Balls
|
Batting: LHB Wes Stone
|
0-0: Ball 1-0: Ball 2-0: Ball 3-0: Base on Balls Gerardo Guzmán to second
|
Batting: RHB Ken McDonald
|
0-0: Called Strike 0-1: Ball 1-1: Ball 2-1: Ball 3-1: Foul Ball, location: 2F 3-2: Foul Ball, location: 2F 3-2: SINGLE (Groundball, 56D) Gerardo Guzmán to third Wes Stone to second
|
Batting: LHB Marvin Morris
|
0-0: Foul Ball, location: 2F 0-1: Ball 1-1: Ball 2-1: Ball 3-1: Base on Balls Gerardo Guzmán scores Wes Stone to third Ken McDonald to second
|
Batting: RHB Randy Simons
|
0-0: Ball 1-0: Called Strike 1-1: Foul Ball, location: 2F 1-2: Ball 2-2: Ball 3-2: Foul Ball, location: 2F 3-2: Foul Ball, location: 2F 3-2: Foul Ball, location: 2F 3-2: Foul Ball, location: 2F 3-2: Base on Balls Wes Stone scores Ken McDonald to third Marvin Morris to second
|
Batting: RHB Gabriel Villegas
|
0-0: Foul Ball, location: 2F 0-1: Ball 1-1: Ball 2-1: Foul Ball, location: 2F 2-2: Strikes out looking
|
Batting: LHB Wes Thompson
|
0-0: Ball 1-0: Foul Ball, location: 2F 1-1: Ball 2-1: Called Strike 2-2: Fly out, F7 (Flyball, 78M) Runner from 3rd tags up, SCORES, throw made
|
Batting: LHB Ángel Tuzzi
|
0-0: Called Strike 0-1: Swinging Strike 0-2: Ball 1-2: Fielders Choice at 2nd, 6-4 (Groundball, 6)
|
Bottom of the 1st over - 3 run(s), 1 hit(s), 0 error(s), 1 left on base; Penquannock 1 - Newark 3 |
TOP OF THE 2ND |
Penquannock Overrated Jeter batting - Pitching for Newark Bulldogs : RHP Juan González
|
Batting: LHB Matt Reese
|
0-0: Ball 1-0: Ball 2-0: Ball 3-0: Base on Balls
|
Batting: RHB Barton Frazier
|
0-0: Ball 1-0: SINGLE (Groundball, 56D) Matt Reese to second
|
Batting: RHB José Velásquez
|
0-0: Called Strike 0-1: Ball 1-1: Ball 2-1: Ball 3-1: Foul Ball, location: 2F 3-2: Foul Ball, location: 2F 3-2: Fielders Choice at 2nd, 4-6 (Groundball, 4) Matt Reese to third
|
Batting: RHB Aaron Holt
|
0-0: Called Strike 0-1: Ball 1-1: Ball José Velásquez steals 2nd base 2-1: Ball 3-1: Foul Ball, location: 2F 3-2: Strikes out looking
|
Batting: RHB Phil Wright
|
0-0: Called Strike 0-1: Fly out, F4 (Popup, 4D)
|
Top of the 2nd over - 0 run(s), 1 hit(s), 0 error(s), 2 left on base; Penquannock 1 - Newark 3 |
BOTTOM OF THE 2ND |
Newark Bulldogs batting - Pitching for Penquannock Overrated Jeter : RHP Dave Funk
|
Batting: SHB Rafael Villa
|
0-0: Called Strike 0-1: Foul Ball, location: 2F 0-2: SINGLE (Popup, 34D)
|
Batting: LHB Gerardo Guzmán
|
0-0: Ball 1-0: Foul Ball, location: 2F 1-1: Swinging Strike 1-2: Ball 2-2: Fielders Choice at 2nd, 1-6 (Groundball, P)
|
Batting: LHB Wes Stone
|
0-0: Called Strike 0-1: Swinging Strike 0-2: Ball 1-2: Ball 2-2: Strikes out swinging
|
Batting: RHB Ken McDonald
|
0-0: Ball 1-0: Fly out, F5 (Popup, 5)
|
Bottom of the 2nd over - 0 run(s), 1 hit(s), 0 error(s), 1 left on base; Penquannock 1 - Newark 3 |
TOP OF THE 3RD |
Penquannock Overrated Jeter batting - Pitching for Newark Bulldogs : RHP Juan González
|
Batting: RHB Armando Pagán
|
0-0: Called Strike 0-1: Swinging Strike 0-2: Ball 1-2: Foul Ball, location: 2F 1-2: Ball 2-2: Strikes out swinging
|
Batting: LHB Pete Weber
|
0-0: Called Strike 0-1: SINGLE (Groundball, 4S) (infield hit)
|
Batting: LHB Tony Green
|
0-0: Foul Ball, location: 2F 0-1: Ball 1-1: Foul Ball, location: 2F 1-2: Foul Ball, location: 2F 1-2: Ball 2-2: Foul Ball, location: 2F 2-2: Ball 3-2: SINGLE (Line Drive, 8LS) Pete Weber to second
|
Batting: RHB Manny Perea
|
0-0: Foul Ball, location: 2F 0-1: Ball 1-1: Ball 2-1: Ball 3-1: Base on Balls Pete Weber to third Tony Green to second
|
Batting: LHB Matt Reese
|
0-0: Ball 1-0: Swinging Strike 1-1: Fly out, F8 (Flyball, 89D) Runner from 3rd tags up, SCORES, no throw
|
Batting: RHB Barton Frazier
|
0-0: Called Strike 0-1: Foul Ball, location: 2F 0-2: Ball 1-2: Foul Ball, location: 2F 1-2: Ball 2-2: Foul Ball, location: 2F 2-2: Foul Ball, location: 2F 2-2: Ground out 5-3 (Groundball, 56S)
|
Top of the 3rd over - 1 run(s), 2 hit(s), 0 error(s), 2 left on base; Penquannock 2 - Newark 3 |
BOTTOM OF THE 3RD |
Newark Bulldogs batting - Pitching for Penquannock Overrated Jeter : RHP Dave Funk
|
Batting: LHB Marvin Morris
|
0-0: Ball 1-0: Ball 2-0: Ball 3-0: Base on Balls
|
Batting: RHB Randy Simons
|
0-0: Ball 1-0: Foul Ball, location: 2F 1-1: Ball 2-1: Foul Ball, location: 2F 2-2: Ball 3-2: Grounds into double play, 6-4-3 (Groundball, 6)
|
Batting: RHB Gabriel Villegas
|
0-0: Ball 1-0: Foul Ball, location: 2F 1-1: Ball 2-1: Foul Ball, location: 2F 2-2: Foul Ball, location: 2F 2-2: Ball 3-2: Fly out, F6 (Popup, 6D)
|
Bottom of the 3rd over - 0 run(s), 0 hit(s), 0 error(s), 0 left on base; Penquannock 2 - Newark 3 |
TOP OF THE 4TH |
Penquannock Overrated Jeter batting - Pitching for Newark Bulldogs : RHP Juan González
|
Batting: RHB José Velásquez
|
0-0: Foul Ball, location: 2F 0-1: Ball 1-1: Foul Ball, location: 2F 1-2: Ground out 6-3 (Groundball, 6)
|
Batting: RHB Aaron Holt
|
0-0: Ball 1-0: Ball 2-0: Ball 3-0: Called Strike 3-1: Foul Ball, location: 2F 3-2: Foul Ball, location: 2F 3-2: Base on Balls
|
Batting: RHB Phil Wright
|
0-0: Ball 1-0: Ball 2-0: Fly out, F7 (Flyball, 7)
|
Batting: RHB Armando Pagán
|
0-0: Ball Aaron Holt steals 2nd base 1-0: Called Strike 1-1: Ground out 4-3 (Groundball, 4S)
|
Top of the 4th over - 0 run(s), 0 hit(s), 0 error(s), 1 left on base; Penquannock 2 - Newark 3 |
BOTTOM OF THE 4TH |
Newark Bulldogs batting - Pitching for Penquannock Overrated Jeter : RHP Dave Funk
|
Batting: LHB Wes Thompson
|
0-0: Called Strike 0-1: Ball 1-1: Ball 2-1: Ground out U3 (Groundball, 34)
|
Batting: LHB Ángel Tuzzi
|
0-0: Ball 1-0: Foul Ball, location: 2F 1-1: Ball 2-1: Foul Ball, location: 2F 2-2: Ball 3-2: Base on Balls
|
Pitching: LHP Héctor Díaz
|
|
Batting: SHB Rafael Villa
|
0-0: Ball 1-0: Fly out, F8 (Flyball, 78M)
|
Batting: LHB Gerardo Guzmán
|
0-0: Called Strike 0-1: Called Strike Ángel Tuzzi steals 2nd base 0-2: Ball 1-2: Strikes out looking
|
Bottom of the 4th over - 0 run(s), 0 hit(s), 0 error(s), 1 left on base; Penquannock 2 - Newark 3 |
TOP OF THE 5TH |
Penquannock Overrated Jeter batting - Pitching for Newark Bulldogs : RHP Juan González
|
Pitching: LHP Josh Wall
|
|
Batting: LHB Pete Weber
|
0-0: Called Strike 0-1: Ball 1-1: Ball 2-1: Called Strike 2-2: Foul Ball, location: 2F 2-2: Foul Ball, location: 2F 2-2: Foul Ball, location: 2F 2-2: Ball 3-2: Base on Balls
|
Batting: LHB Tony Green
|
0-0: Ball 1-0: Foul Ball, location: 2F 1-1: Foul Ball, location: 2F 1-2: SINGLE (Groundball, 34D) Pete Weber to second Runner from 2nd tries for 3rd, SAFE, throw made to third Tony Green to second
|
Batting: RHB Manny Perea
|
0-0: Ball 1-0: Fly out, F7 (Flyball, 78D) Runner from 3rd tags up, SCORES, no throw
|
Batting: LHB Matt Reese
|
0-0: Ball 1-0: Ball 2-0: Called Strike 2-1: Ball 3-1: Base on Balls
|
Batting: RHB Barton Frazier
|
0-0: Ball 1-0: Called Strike 1-1: Ball 2-1: Ball 3-1: Base on Balls Tony Green to third Matt Reese to second
|
Batting: RHB José Velásquez
|
0-0: SINGLE (Line Drive, 8LS) Tony Green scores Matt Reese to third Barton Frazier to second Runner from 3rd tries for Home, SAFE, no throw
|
Pitching: RHP José Gonzáles
|
|
Batting: RHB Aaron Holt
|
0-0: Ball 1-0: Swinging Strike 1-1: Foul Ball, location: 2F 1-2: Ball 2-2: Foul Ball, location: 2F 2-2: Strikes out swinging
|
Batting: RHB Phil Wright
|
0-0: Ball 1-0: Fly out, F9 (Flyball, 9LS)
|
Top of the 5th over - 3 run(s), 2 hit(s), 0 error(s), 2 left on base; Penquannock 5 - Newark 3 |
BOTTOM OF THE 5TH |
Newark Bulldogs batting - Pitching for Penquannock Overrated Jeter : LHP Héctor Díaz
|
Batting: LHB Wes Stone
|
0-0: Ball 1-0: Ball 2-0: Ball 3-0: Base on Balls
|
Batting: RHB Ken McDonald
|
0-0: Foul Ball, location: 2F 0-1: Ball 1-1: Foul Ball, location: 2F 1-2: Ball 2-2: Fly out, F8 (Flyball, 8RM)
|
Batting: LHB Marvin Morris
|
0-0: Grounds into double play, 4-6-3 (Groundball, 4)
|
Bottom of the 5th over - 0 run(s), 0 hit(s), 0 error(s), 0 left on base; Penquannock 5 - Newark 3 |
TOP OF THE 6TH |
Penquannock Overrated Jeter batting - Pitching for Newark Bulldogs : RHP José Gonzáles
|
Batting: RHB Armando Pagán
|
0-0: Swinging Strike 0-1: Ball 1-1: Fly out, F4 (Popup, 4D)
|
Batting: LHB Pete Weber
|
0-0: Ball 1-0: Foul Ball, location: 2F 1-1: Fly out, F8 (Flyball, 8LD)
|
Batting: LHB Tony Green
|
0-0: SINGLE (Groundball, 34D)
|
Batting: RHB Manny Perea
|
0-0: Ball 1-0: SINGLE (Groundball, 56D) Tony Green to second
|
Batting: LHB Matt Reese
|
0-0: Called Strike 0-1: Ball 1-1: Called Strike 1-2: Ball 2-2: Ball 3-2: Foul Ball, location: 2F 3-2: Base on Balls Tony Green to third Manny Perea to second
|
Batting: RHB Barton Frazier
|
0-0: Called Strike 0-1: SINGLE (Groundball, 56D) Tony Green scores Manny Perea to third Matt Reese to second Runner from 3rd tries for Home, SAFE, no throw
|
Pitching: LHP Kent Smith
|
|
Batting: RHB José Velásquez
|
0-0: Ball 1-0: Fly out, F8 (Line Drive, 8RM)
|
Top of the 6th over - 2 run(s), 3 hit(s), 0 error(s), 2 left on base; Penquannock 7 - Newark 3 |
BOTTOM OF THE 6TH |
Newark Bulldogs batting - Pitching for Penquannock Overrated Jeter : LHP Héctor Díaz
|
Batting: RHB Randy Simons
|
0-0: Foul Ball, location: 2F 0-1: Ball 1-1: Ball 2-1: Swinging Strike 2-2: Fly out, F8 (Flyball, 8RD)
|
Batting: RHB Gabriel Villegas
|
0-0: Ball 1-0: Swinging Strike 1-1: DOUBLE (Line Drive, 7D)
|
Batting: LHB Wes Thompson
|
0-0: Called Strike 0-1: Ball 1-1: Ball 2-1: Swinging Strike 2-2: Strikes out swinging
|
Batting: LHB Ángel Tuzzi
|
0-0: Ball 1-0: Foul Ball, location: 2F 1-1: Foul Ball, location: 2F 1-2: Ball 2-2: Ball 3-2: Base on Balls
|
Batting: SHB Rafael Villa
|
0-0: Ball 1-0: Ball 2-0: Foul Ball, location: 2F 2-1: Foul Ball, location: 2F 2-2: Ball 3-2: Base on Balls Gabriel Villegas to third Ángel Tuzzi to second
|
Batting: LHB Gerardo Guzmán
|
0-0: Ball 1-0: Ball 2-0: Ball 3-0: Base on Balls Gabriel Villegas scores Ángel Tuzzi to third Rafael Villa to second
|
Batting: LHB Wes Stone
|
0-0: Ball 1-0: Swinging Strike 1-1: Foul Ball, location: 2F 1-2: Ball 2-2: Foul Ball, location: 2F 2-2: Ball 3-2: Strikes out looking
|
Bottom of the 6th over - 1 run(s), 1 hit(s), 0 error(s), 3 left on base; Penquannock 7 - Newark 4 |
TOP OF THE 7TH |
Penquannock Overrated Jeter batting - Pitching for Newark Bulldogs : LHP Kent Smith
|
Batting: RHB Aaron Holt
|
0-0: Ball 1-0: Swinging Strike 1-1: Called Strike 1-2: Ball 2-2: Ball 3-2: Foul Ball, location: 2F 3-2: Foul Ball, location: 2F 3-2: Foul Ball, location: 2F 3-2: Base on Balls
|
Batting: RHB Phil Wright
|
0-0: Ball 1-0: Foul Ball, location: 2F 1-1: Ball 2-1: Called Strike 2-2: Foul Ball, location: 2F 2-2: Fly out, F8 (Flyball, 78M)
|
Batting: RHB Armando Pagán
|
0-0: Ball Aaron Holt steals 2nd base 1-0: Intentional Walk
|
Batting: LHB Pete Weber
|
0-0: Ball 1-0: Foul Ball, location: 2F 1-1: Reached on error, E8 (Line Drive, 8RD) Aaron Holt scores Armando Pagán to third
|
Batting: LHB Tony Green
|
0-0: Ball 1-0: Ball 2-0: Called Strike 2-1: SINGLE (Line Drive, 6MD) Armando Pagán scores Pete Weber to third
|
Batting: RHB Manny Perea
|
0-0: Ball 1-0: Ball Tony Green steals 2nd base 2-0: Called Strike 2-1: Ground out 6-3 (Groundball, 56) Pete Weber scores
|
Batting: LHB Matt Reese
|
0-0: Ball 1-0: Ball 2-0: Ball 3-0: Base on Balls
|
Batting: RHB Barton Frazier
|
0-0: Fly out, F7 (Flyball, 7S)
|
Top of the 7th over - 3 run(s), 1 hit(s), 1 error(s), 2 left on base; Penquannock 10 - Newark 4 |
BOTTOM OF THE 7TH |
Newark Bulldogs batting - Pitching for Penquannock Overrated Jeter : LHP Héctor Díaz
|
Batting: RHB Ken McDonald
|
0-0: Ball 1-0: Ball 2-0: Ground out 6-3 (Groundball, 6)
|
Pitching: RHP César Villanueva
|
|
Batting: LHB Marvin Morris
|
0-0: Ball 1-0: Called Strike 1-1: Foul Ball, location: 2F 1-2: Ball 2-2: Fly out, F7 (Flyball, 7)
|
Batting: RHB Randy Simons
|
0-0: Called Strike 0-1: Swinging Strike 0-2: Reached on error, E6 (Groundball, 6)
|
Batting: RHB Gabriel Villegas
|
0-0: Foul Ball, location: 2F 0-1: Swinging Strike 0-2: SINGLE (Flyball, 7S) Randy Simons to third Runner from 3rd tries for Home, SAFE, no throw
|
Batting: LHB Wes Thompson
|
0-0: Ball 1-0: Ball 2-0: Ball 3-0: Called Strike 3-1: Base on Balls Gabriel Villegas to second
|
Batting: LHB Ángel Tuzzi
|
0-0: Foul Ball, location: 2F 0-1: Foul Ball, location: 2F 0-2: Ball 1-2: Ball 2-2: Strikes out swinging
|
Bottom of the 7th over - 1 run(s), 1 hit(s), 1 error(s), 2 left on base; Penquannock 10 - Newark 5 |
TOP OF THE 8TH |
Penquannock Overrated Jeter batting - Pitching for Newark Bulldogs : LHP Kent Smith
|
Pitching: RHP Jesús Salazar
|
|
Batting: RHB José Velásquez
|
0-0: Ball 1-0: Called Strike 1-1: Ground out 5-3 (Groundball, 56S)
|
Batting: RHB Aaron Holt
|
0-0: Ball 1-0: Ball 2-0: Ball 3-0: Base on Balls
|
Batting: RHB Phil Wright
|
0-0: Called Strike Aaron Holt is caught stealing 2nd base 0-1: Ball 1-1: Foul Ball, location: 2F 1-2: Ball 2-2: Ground out 5-3 (Groundball, 25)
|
Top of the 8th over - 0 run(s), 0 hit(s), 0 error(s), 0 left on base; Penquannock 10 - Newark 5 |
BOTTOM OF THE 8TH |
Newark Bulldogs batting - Pitching for Penquannock Overrated Jeter : RHP César Villanueva
|
Batting: SHB Rafael Villa
|
0-0: Ball 1-0: Ball 2-0: Ball 3-0: Base on Balls
|
Batting: LHB Gerardo Guzmán
|
0-0: Ball 1-0: Ball 2-0: Foul Ball, location: 2F 2-1: Called Strike 2-2: Strikes out swinging
|
Batting: LHB Wes Stone
|
0-0: Ball 1-0: Ball 2-0: SINGLE (Flyball, 8LS) Rafael Villa to second
|
Batting: RHB Ken McDonald
|
0-0: Fly out, F8 (Flyball, 8RD) Runner from 2nd tags up, SAFE at 3rd, no throw
|
Batting: LHB Marvin Morris
|
0-0: Ball 1-0: Foul Ball, location: 2F 1-1: Called Strike 1-2: Foul Ball, location: 2F 1-2: Foul Ball, location: 2F 1-2: Strikes out swinging
|
Bottom of the 8th over - 0 run(s), 1 hit(s), 0 error(s), 2 left on base; Penquannock 10 - Newark 5 |
TOP OF THE 9TH |
Penquannock Overrated Jeter batting - Pitching for Newark Bulldogs : RHP Jesús Salazar
|
Batting: RHB Armando Pagán
|
0-0: Ball 1-0: Foul Ball, location: 2F 1-1: Fly out, F9 (Flyball, 89D)
|
Batting: LHB Pete Weber
|
0-0: Ball 1-0: Ball 2-0: Called Strike 2-1: Foul Ball, location: 2F 2-2: Ball 3-2: Foul Ball, location: 2F 3-2: Base on Balls
|
Batting: LHB Tony Green
|
0-0: SINGLE (Groundball, 34D) Pete Weber to second Runner from 2nd tries for 3rd, SAFE, no throw
|
Batting: RHB Manny Perea
|
0-0: Ball 1-0: Called Strike 1-1: Ball 2-1: SINGLE (Groundball, 56S) (infield hit) Pete Weber scores Tony Green to second
|
Batting: LHB Matt Reese
|
0-0: Ball 1-0: Called Strike 1-1: Ball 2-1: Ball 3-1: Foul Ball, location: 2F 3-2: Base on Balls Tony Green to third Manny Perea to second
|
Batting: RHB Barton Frazier
|
0-0: DOUBLE (Flyball, 9D) Tony Green scores Manny Perea scores Matt Reese to third
|
Pitching: RHP Chris Johns
|
|
Batting: RHB José Velásquez
|
0-0: Swinging Strike 0-1: DOUBLE (Line Drive, 7LS) Matt Reese scores Barton Frazier scores
|
Batting: RHB Aaron Holt
|
0-0: Ball 1-0: Swinging Strike 1-1: Swinging Strike 1-2: Strikes out swinging
|
Batting: RHB Phil Wright
|
0-0: Ball 1-0: Ground out 5-3 (Groundball, 56)
|
Top of the 9th over - 5 run(s), 4 hit(s), 0 error(s), 1 left on base; Penquannock 15 - Newark 5 |
BOTTOM OF THE 9TH |
Newark Bulldogs batting - Pitching for Penquannock Overrated Jeter : RHP César Villanueva
|
Batting: RHB Randy Simons
|
0-0: Called Strike 0-1: Ball 1-1: Ball 2-1: Called Strike 2-2: Foul Ball, location: 2F 2-2: Foul Ball, location: 2F 2-2: Ball 3-2: Foul Ball, location: 2F 3-2: Foul Ball, location: 2F 3-2: Ground out 5-3 (Groundball, 56)
|
Batting: RHB Gabriel Villegas
|
0-0: Called Strike 0-1: Ball 1-1: Fly out, F7 (Line Drive, 7)
|
Batting: LHB Wes Thompson
|
0-0: Called Strike 0-1: Ground out 6-3 (Groundball, 6M)
|
Bottom of the 9th over - 0 run(s), 0 hit(s), 0 error(s), 0 left on base; Penquannock 15 - Newark 5 |
|